 Dungeon Crawl Stone Soup version 0.31-a0-188-g5e087ee2ca (webtiles) character file.

Game seed: 5863516130674424662

30 qw the Shooter (level 3, 0/20 HPs)
             Began as a Deep Elf Hunter on June 23, 2023.
             Slain by a frilled lizard (1 damage)
             ... on level 1 of the Dungeon.
             The game lasted 00:00:11 (506 turns).

qw the Shooter (Deep Elf Hunter)                     Turns: 506, Time: 00:00:12

Health: 0/20       AC:  3    Str: 10    XL:     3   Next: 3%
Magic:  5/5        EV: 12    Int: 13    God:
Gold:   52         SH:  0    Dex: 18    Spells: 2/2 levels left

rFire   . . .        f - +0 arbalest
rCold   . . .        (shield currently unavailable)
rNeg    . . .        c - +0 leather armour
rPois   .            (no helmet)
rElec   .            (no cloak)
rCorr   .            (no gloves)
SInv    .            (no boots)
Will    .....        (no amulet)
Stlth   ++           (no ring)
HPRegen 0.23/turn    (no ring)
MPRegen 0.09/turn

%: no passive effects
@: no status effects
A: no striking features
a: no special abilities


You were on level 1 of the Dungeon.
You visited 1 branch of the dungeon, and saw 1 of its levels.

You collected 52 gold pieces.


   Skills:
 - Level 1.5 Fighting
 + Level 6.6 Ranged Weapons
 - Level 2.4 Dodging
 - Level 1.2 Stealth


You had 2 spell levels left.
You didn't know any spells.
Your spell library was empty.

Inventory:

Hand Weapons
 f - a +0 arbalest (weapon)
Armour
 c - a +0 leather armour (worn)
Scrolls
 b - a scroll of butterflies
 e - 2 scrolls of teleportation {unknown}
Potions
 d - a potion of might {unknown}

Dungeon Overview and Level Annotations

Branches:
Dungeon (1/15)

Altars:


Message History

You kill the frilled lizard!
The frilled lizard closely misses you. x2
The frilled lizard bites you but does no damage.
The frilled lizard bites you.
You shoot a bolt. The bolt hits the frilled lizard!!
You kill the frilled lizard!
The frilled lizard bites you. x2; The frilled lizard barely misses you.
You shoot a bolt. The bolt hits the frilled lizard!!
You kill the frilled lizard!
The frilled lizard bites you but does no damage.
You have reached level 3!
Your experience leads to an increase in your attributes!
Increase (S)trength, (I)ntelligence, or (D)exterity?
You feel stronger. x2
You shoot a bolt.
The bolt closely misses the frilled lizard.
The bolt misses the frilled lizard.
The frilled lizard misses you. x2; The frilled lizard closely misses you. x2
You shoot a bolt.
The bolt closely misses the frilled lizard.
The bolt hits the frilled lizard!
You kill the frilled lizard!
The frilled lizard misses you. The frilled lizard barely misses you.
You shoot a bolt.
The bolt closely misses the frilled lizard. x2
The frilled lizard barely misses you.
The frilled lizard hisses.
The frilled lizard bites you but does no damage.
The frilled lizard bites you. x2
You shoot a bolt. The bolt hits the frilled lizard!
You kill the frilled lizard!
The frilled lizard barely misses you.
You shoot a bolt.
The bolt barely misses the frilled lizard.
The frilled lizard bites you but does no damage. x2
The frilled lizard closely misses you. The frilled lizard barely misses you.
You shoot a bolt.
The bolt closely misses the frilled lizard.
The frilled lizard bites you. x2
You die...

....#..#.......#
....#....#######
......#### ###.###
#.# ###.#
######### ....#
#.......###
##..###.#####...##
.#..##.....##.#l@#
.....).....#####l#
....##..#..# .%#
.....#..##.# ..%#
........##.# ...##
.....#.....#....
....##.....#....
..#.#########.).
.##.#


You could see 2 frilled lizards.

Vanquished Creatures
  A dart slug (D:1)
  A bat (D:1)
  An endoplasm (D:1)
  A giant cockroach (D:1)
  3 goblins (D:1)
  2 hobgoblins (D:1)
  4 kobolds (D:1)
  2 quokkas (D:1)
  10 frilled lizards (D:1)
  3 rats (D:1)
28 creatures vanquished.

Notes
Turn   | Place    | Note
-------+----------+-------------------------------------------
     0 | D:1      | qw the Deep Elf Hunter began the quest for the Orb.
     0 | D:1      | Reached XP level 1. HP: 12/12 MP: 3/3
     0 | D:1      | 0 ||| qw: Version: 0.3-a-9-g12657ce
     0 | D:1      | 0 ||| qw: Game counter: 3162
     0 | D:1      | 0 ||| qw: Always use a shield: true
     0 | D:1      | 0 ||| qw: God list: Okawaru
     0 | D:1      | 0 ||| qw: Allow faded altars: false
     0 | D:1      | 0 ||| qw: Do Orc after D:15 true
     0 | D:1      | 0 ||| qw: Do second Lair branch before Depths: true
     0 | D:1      | 0 ||| qw: Lair rune preference: random
     0 | D:1      | 0 ||| qw: Plans: Normal
     0 | D:1      | 0 ||| PLANNING D:1-11
    72 | D:1      | Reached XP level 2. HP: 14/16 MP: 4/4
    73 | D:1      | Reached skill level 6 in Ranged Weapons
   462 | D:1      | 462 ||| SWAPPING to +0 arbalest.
   465 | D:1      | 465 ||| DROPPING +0 shortbow.
   499 | D:1      | HP: 4/16 [frilled lizard (1)]
   501 | D:1      | Reached XP level 3. HP: 3/20 MP: 5/5
   506 | D:1      | HP: 1/20 [frilled lizard (2)]
   506 | D:1      | Slain by a frilled lizard

Levels and vault maps discovered:
D:1:      minmay_arrival_radiant_lines, layout_loops_corners, minmay_lizard_king

Skill      XL: |  1  2 |
---------------+-------+-----
Ranged Weapons | 6 |  6.6
Fighting       | |  1.5
Dodging        | |  2.4
Stealth        | |  1.2

Action                     || total
---------------------------++-------
   Fire: Shortbow          ||    38
         Arbalest          ||    21
 Armour: Leather armour    ||     9
  Dodge: Dodged            ||    30

Table legend:
 A = Non-vault XP
 B = Vault XP
 C = Vault XP percentage of total XP
 D = Non-vault monster count
 E = Vault monster count
 F = Vault count percentage of total count
                 A         B        C        D         E       F
            +---------+---------+-------+---------+---------+-------
      Total |      34 |       9 |  20.9 |      19 |       9 |  32.1
            +---------+---------+-------+---------+---------+-------
        D:1 |      34 |       9 |  20.9 |      19 |       9 |  32.1
            +---------+---------+-------+---------+---------+-------
